 Dungeon Crawl Stone Soup version 0.24.1-14-gf8d2b509d9 (webtiles) character file.

Game seed: 15916212824604184857, levelgen mode: deterministic

410 Hugehornet the Insei (level 6, -4/38 HPs)
             Began as an Octopode Transmuter on May 17, 2020.
             Blown up by Pikel (26 damage)
             ... with a disintegration bolt
             ... on level 4 of the Dungeon.
             The game lasted 00:06:36 (5169 turns).

Hugehornet the Insei (Octopode Transmuter)          Turns: 5169, Time: 00:06:38

Health: -4/38      AC:  2    Str: 10    XL:     6   Next: 89%
Magic:  7/10       EV: 19    Int: 17    God:
Gold:   204        SH:  4    Dex: 17    Spells: 1/11 levels left

rFire    . . .     SeeInvis .     - Unarmed
rCold    . . .     Gourm    .   (shield currently unavailable)
rNeg     . . .     Faith    .   (helmet currently unavailable)
rPois    x         Spirit   .   u - +4 amulet of reflection
rElec    .         Reflect  +   j - ring of attention (curse)
rCorr    .         Harm     .   (no ring)
MR       .....                  (no ring)
Stlth    +.........             (no ring)
HPRegen  0.12/turn              (no ring)
MPRegen  0.12/turn              (no ring)
                                (no ring)
                                (no ring)

@: spider-form
A: tiny, almost no armour, stealthy swim, (amphibious), 8 rings, (constrict 8)
a: End Transformation


You were on level 4 of the Dungeon.
You were hungry.
You were a venomous arachnid creature.
You visited 1 branch of the dungeon, and saw 4 of its levels.

You collected 204 gold pieces.

Inventory:

Missiles
 a - 42 arrows
Jewellery
 j - a cursed ring of attention (left front leg)
 u - a +4 amulet of reflection (around neck)
Wands
 v - a wand of polymorph (1)
Scrolls
 b - a scroll of blinking {unknown}
 e - 2 scrolls of remove curse {unknown}
 f - a scroll of fog {unknown}
 i - 2 scrolls of amnesia
 k - a scroll of noise {unknown}
 l - 2 scrolls of teleportation {unknown}
 p - a scroll of enchant weapon {unknown}
 r - a scroll of fear {unknown}
 t - a scroll of immolation {unknown}
Potions
 d - 2 potions of haste
 g - a potion of heal wounds
 h - a potion of brilliance
 m - a potion of berserk rage
 n - a potion of ambrosia
 o - a potion of lignification {unknown}
 s - 2 potions of curing
Comestibles
 c - 6 rations


   Skills:
 - Level 1.0 Fighting
 - Level 2.0 Dodging
 - Level 5.4 Unarmed Combat
 - Level 3.0 Spellcasting
 - Level 3.0 Transmutations
 + Level 2.1 Ice Magic
 - Level 3.1 Poison Magic


You had one spell level left.
You knew the following spells:

 Your Spells              Type           Power        Failure   Level  Hunger
a - Beastly Appendage     Tmut           ##....       14%         1    None
b - Sticks to Snakes      Tmut           ##......     21%         2    ##.....
c - Spider Form           Tmut/Pois      ##........   32%         3    ###....
d - Ice Form              Ice/Tmut       ##......     73%         4    ####...

Your spell library contained the following spells:

 Spells                   Type           Power        Failure   Level  Hunger
 Blade Hands              Tmut           ##........   92%         5    ######.


Dungeon Overview and Level Annotations

Branches:
Dungeon (4/15)
 Temple: D:4-7

Altars:
Gozag
Vehumet

Annotations:
D:4 Pikel


Innate Abilities, Weirdness & Mutations

You cannot wear most types of armour.
You are very stealthy in the water. (Stealth+)
((You are amphibious.))
You can wear up to eight rings at the same time.
((You can use your tentacles to constrict eight enemies at once.))
((Your skin changes colour to match your surroundings (Stealth+).))
((Your rubbery body absorbs attacks. (AC +1, EV +1)))


Message History

Your Ice Magic skill increases to level 2!
You need to enable at least one skill for training.
You feel sick.
You feel better. The orc completely misses you.
You hit the orc.
The orc is poisoned.
The orc is moderately wounded.
An orc priest comes into view.
It is wielding a +1 flail of holy wrath.
A slave comes into view.
The orc closely misses you.
The slave shouts!
You hit the orc but do no damage.
The orc looks as sick as possible!
The orc is moderately wounded.
The orc misses you.
You hit the orc but do no damage.
The orc looks as sick as possible!
The orc is severely wounded.
You kill the orc!
A slave comes into view.
Pikel zaps a wand.
You are blasted!
Ouch! That really hurt!
You die...

...o......................[...###
......#a(.....#########..######
..###.#....#### #### ..# ###....#
... #.....# ##.. ##....## .#
##).p.p#### ##### .#
#.รท....o..###......
#........K)s.......
##.......#####..... ##....### ###
##...# #### #..)#######..##
#...##........##
##..............#
#......######...## ### #......#
#....# ##.#


You could see Pikel, 2 slaves and an orc priest.

Vanquished Creatures
  An ogre (D:3)
  An orc priest (D:3)
  Crazy Yiuf (D:3)
  Natasha (thrice) (D:2)
  A worker ant (D:4)
  6 adders
  2 oozes
  2 worms (D:2)
  3 leopard geckos
  11 orcs
  7 giant cockroaches
  8 hobgoblins
  11 jackals
  A quokka (D:3)
  6 bats
  5 frilled lizards
  8 goblins
  7 kobolds
  8 rats
92 creatures vanquished.

Notes
Turn   | Place    | Note
-------+----------+-------------------------------------------
     0 | D:1      | Hugehornet the Octopode Transmuter began the quest for the
                  | Orb.
     0 | D:1      | Reached XP level 1. HP: 13/13 MP: 3/3
   277 | D:1      | Reached XP level 2. HP: 16/18 MP: 3/5
   286 | D:1      | Learned a level 2 spell: Sticks to Snakes
   779 | D:1      | Reached XP level 3. HP: 23/23 MP: 4/6
   784 | D:1      | Learned a level 3 spell: Spider Form
  1201 | D:2      | Reached skill level 1 in Poison Magic
  1606 | D:2      | Reached XP level 4. HP: 25/28 MP: 5/7
  1879 | D:2      | Noticed Natasha
  1891 | D:2      | Killed Natasha
  2190 | D:2      | Noticed Natasha
  2197 | D:2      | Killed Natasha
  2197 | D:2      | Reached skill level 4 in Unarmed Combat
  2197 | D:2      | Reached XP level 5. HP: 9/33 MP: 5/8
  2330 | D:2      | Noticed Natasha
  2339 | D:2      | Killed Natasha
  2540 | D:2      | Found a radiant altar of Vehumet.
  3099 | D:2      | Found an opulent altar of Gozag.
  3643 | D:3      | Reached skill level 5 in Unarmed Combat
  3951 | D:3      | Reached XP level 6. HP: 37/38 MP: 7/9
  4414 | D:3      | Learned a level 4 spell: Ice Form
  4717 | D:3      | Found a runed translucent door.
  4718 | D:3      | Noticed Crazy Yiuf
  4727 | D:3      | Killed Crazy Yiuf
  4727 | D:3      | Reached skill level 1 in Ice Magic
  4975 | D:4      | Found Ittura's Armour Shoppe.
  5137 | D:4      | Noticed Pikel
  5167 | D:4      | Noticed a slave
  5169 | D:4      | Noticed a slave
  5169 | D:4      | Blown up by Pikel

Levels and vault maps discovered:
D:1:      erik_arrival_blinker_ship, layout_basic
D:2:      minmay_general_purpose_star, layout_loops_corners, vehumet_crystals,
          grunt_gozag_statues, uniq_natasha
D:3:      layout_loops_ring, first_ration, uniq_crazy_yiuf_cottage
D:4:      layout_layer_cave, serial_shops, nicolae_shop_waterfront, uniq_pikel

Skill      XL: |  1  2  3  4  5  6 |
---------------+-------------------+-----
Transmutations | 3 |  3.0
Poison Magic   | 2 3 |  3.1
Unarmed Combat | 4 5 |  5.4
Spellcasting   | 3 |  3.0
Ice Magic      | 2 |  2.1
Fighting       | |  1.0
Dodging        | |  2.0

Action                   |  1- 3 |  4- 6 || total
-------------------------+-------+-------++-------
Melee: Unarmed           |    87 |   155 ||   242
       Kick              |    19 |    17 ||    36
       Constrict         |    23 |    28 ||    51
       Tentacles         |    15 |    14 ||    29
       Punch             |       |     1 ||     1
 Cast: Beastly Appendage |    23 |    32 ||    55
       Spider Form       |       |     7 ||     7
 Abil: End Transformatio |       |     4 ||     4
  Use: Scroll            |       |     8 ||     8
       Potion            |       |     1 ||     1
 Stab: Sleeping          |     6 |     3 ||     9
  Eat: Chunk             |     3 |     8 ||    11
       Ration            |       |     1 ||     1
Armor: Skin              |     5 |    13 ||    18
Dodge: Dodged            |    46 |    83 ||   129
Block: Other             |       |     6 ||     6
